 Dungeon Crawl Stone Soup version 0.29-a0-553-g81b289dbe5 (webtiles) character file.

Game seed: 17690211955655738148

32 shadowstone the Covered (level 3, -3/24 HPs)
             Began as a Gargoyle Fighter on June 6, 2022.
             Was a Plaything of Xom.
             Slain by Terence
             ... wielding a +0 flail
              (7 damage)
             ... on level 2 of the Dungeon.
             The game lasted 00:05:07 (1232 turns).

shadowstone the Covered (Gargoyle Fighter)          Turns: 1232, Time: 00:05:08

Health: -3/24      AC:  9    Str: 21    XL:     3   Next: 25%
Magic:  3/3        EV: 10    Int: 14    God:    Xom [..*...]
Gold:   41         SH:  4    Dex:  9    Spells: 2/2 levels left

rFire   . . .      SeeInvis .   a - +0 trident
rCold   + . .      Faith    .   c - +0 buckler
rNeg    + . .      Spirit   .   n - +0 ring mail {rC+}
rPois   ∞          Reflect  .   (no helmet)
rElec   +          Harm     .   (no cloak)
rCorr   .          Rampage  .   (no gloves)
Will    .....                   (no boots)
Stlth   ..........              (no amulet)
HPRegen 0.08/turn               m - +6 ring of intelligence
MPRegen 0.08/turn               p - ring of poison resistance

@: no status effects
A: sickness immunity, AC +3, negative energy resistance 1, electricity
resistance, torment resistance 1, petrification resistance
a: Renounce Religion


You were on level 2 of the Dungeon.
You worshipped Xom.
You were a toy of Xom.
You visited 1 branch of the dungeon, and saw 2 of its levels.

You collected 41 gold pieces.

Inventory:

Hand Weapons
 a - a +0 trident (weapon)
Missiles
 o - 3 poisoned darts (quivered)
Armour
 b - a +0 scale mail
 c - a +0 buckler (worn)
 n - a +0 ring mail of cold resistance (worn)
Jewellery
 m - a +6 ring of intelligence (left hand)
 p - a ring of poison resistance (right hand)
Scrolls
 e - a scroll of fog {unknown}
 f - a scroll of poison {unknown}
 g - 2 scrolls of amnesia
 h - a scroll of enchant armour {unknown}
 i - 3 scrolls of identify
Potions
 d - 2 potions of might
 j - a potion of curing
 k - a potion of mutation {unknown}
 l - 2 potions of degeneration {unknown}


   Skills:
 + Level 3.6 Fighting
 + Level 2.0 Polearms
 + Level 3.7 Armour
 + Level 0.7 Dodging
 + Level 3.6 Shields


You had 2 spell levels left.
You didn't know any spells.
Your spell library was empty.

Dungeon Overview and Level Annotations

Branches:
Dungeon (2/15)

Altars:
Xom

Annotations:
D:2 Terence


Innate Abilities, Weirdness & Mutations

You are immune to sickness and miasma.
Your stone body is resilient. (AC +3)
You are immune to poison.
You resist negative energy. (rN+)
You are resistant to electric shocks. (rElec)
You are resistant to unholy torment.
You are immune to petrification.


Message History

Xom snickers.
Nothing appears to happen...
Ominous!
You start resting.
HP restored.
You see here a +0 ring mail.
Found a potion of might.
d - 2 potions of might (gained 1) Terence the Incautious comes into view.
He is wielding a +0 flail.
Found a sedimented amethyst potion.
Terence shouts!
Xom's power touches on your mind for a moment.
Terence looks rather confused.
Terence closely misses you. Terence closely misses you.
You barely miss Terence. Terence hits you but does no damage.
You puncture Terence!
Terence is heavily wounded.
Terence drinks a potion.
Terence is healed!
Terence seems less confused.
You barely miss Terence. Terence hits you with a +0 flail!
You block Terence's attack.
You hit Terence but do no damage. Terence hits you with a +0 flail!
You barely miss Terence. Terence misses you.
You barely miss Terence. Terence barely misses you.
You hit Terence but do no damage. Terence barely misses you.
You hit Terence.
Terence is moderately wounded.
Terence hits you with a +0 flail.
* * * LOW HITPOINT WARNING * * *
Terence hits you with a +0 flail.
* * * LOW HITPOINT WARNING * * *
You closely miss Terence.
Terence is moderately wounded.
Terence barely misses you.
You barely miss Terence.
Terence is moderately wounded.
Terence closely misses you.
You hit Terence but do no damage.
Terence is moderately wounded.
Terence hits you with a +0 flail!
You die...

##### #...# #...###
#....@# ##.##@#
##### #.##...
##..[## #.####..!
##.....###.########
#..................
#.......##.########
#.......##.#
##^....###.#


You could see Terence.

Vanquished Creatures
  A worm (D:2)
  2 dart slugs (D:1)
  5 bats
  2 endoplasms (D:1)
  3 goblins
  3 hobgoblins (D:1)
  A kobold (D:2)
  2 ball pythons (D:1)
  A frilled lizard (D:1)
  3 rats
23 creatures vanquished.

Notes
Turn   | Place    | Note
-------+----------+-------------------------------------------
     0 | D:1      | shadowstone the Gargoyle Fighter began the quest for the
                  | Orb.
     0 | D:1      | Reached XP level 1. HP: 14/14 MP: 1/1
   106 | D:1      | Reached XP level 2. HP: 13/19 MP: 2/2
   364 | D:1      | Found a faded altar of an unknown god.
   395 | D:1      | Prayed at the altar of an unknown god.
   395 | D:1      | Became a worshipper of Xom the Elder Chaos God
   499 | D:1      | XOM: potion effect (invisibility)
   874 | D:2      | Reached XP level 3. HP: 24/24 MP: 3/3
   880 | D:2      | XOM: silly message
  1149 | D:2      | XOM: silly message
  1215 | D:2      | Noticed Terence
  1217 | D:2      | XOM: confuse monster(s)
  1232 | D:2      | Slain by Terence

Illustrated notes

Levels and vault maps discovered:
D:1:      ncdulo_wetmaze, layout_basic, shapermc_ecumenical_altar_venn
D:2:      layout_rooms, uniq_jessica, uniq_crazy_yiuf_cottage, uniq_terence

Skill      XL: |  1  2  3 |
---------------+----------+-----
Polearms       | 2 |  2.0
Fighting       | |  3.6
Armour         | |  3.7
Dodging        | |  0.7
Shields        | |  3.6

Action                   || total
-------------------------++-------
Melee: Trident           ||    91
  Use: Scroll            ||     1
Armor: Scale mail        ||    92
       Ring mail         ||    48
Dodge: Dodged            ||   151
Block: Buckler           ||    56

Table legend: (Time is in decaauts)
 A = Elapsed time spent in this place.
 B = Non-inter-level travel time spent in this place.
 C = Inter-level travel time spent in this place.
 D = Time resting spent in this place.
 E = Time spent auto-exploring this place.
 F = Levels seen in this place.
 G = Mean time per level.
                   A        B        C        D        E       F      G
               +--------+--------+--------+--------+--------+-----+--------+
         Total |   1262 |   1252 |     10 |    370 |      0 |   2 |  631.0 |
       Dungeon |   1262 |   1252 |     10 |    370 |      0 |   2 |  631.0 |
               +--------+--------+--------+--------+--------+-----+--------+

Top non-repeatable levels by time:
     D:1: 890 daAuts
     D:2: 372 daAuts
